 Dungeon Crawl Stone Soup version 0.27-a0-1137-g3ef0f4ec91 (webtiles) character file.

Game seed: 13676877802819279284

142 Anon1729 the Sneak (level 5, -11/42 HPs)
             Began as a Deep Dwarf Summoner on May 6, 2021.
             Mangled by Duvessa
             ... wielding a +0 short sword
              (12 damage)
             ... on level 4 of the Dungeon.
             The game lasted 00:14:47 (4804 turns).

Anon1729 the Sneak (Deep Dwarf Summoner)            Turns: 4804, Time: 00:14:48

Health: -11/42     AC:  2    Str: 11    XL:     5   Next: 3%
Magic:  8/8        EV: 12    Int: 17    God:
Gold:   84         SH:  0    Dex: 13    Spells: 2/8 levels left

rFire    . . .     SeeInvis .   d - +1 dagger (elec)
rCold    . . .     Faith    .   (no shield)
rNeg     . . .     Spirit   .   a - +0 robe
rPois    .         Reflect  .   (no helmet)
rElec    .         Harm     .   (no cloak)
rCorr    .         Rampage  .   (no gloves)
Will     .....                  (no boots)
Stlth    +++.......             j - amulet of magic regeneration
HPRegen  0.00/turn              (no ring)
MPRegen  0.36/turn              (no ring)

@: no status effects
A: damage resistance, heal wounds, sense surroundings 1, no regeneration
a: Heal Wounds


You were on level 4 of the Dungeon.
You visited 1 branch of the dungeon, and saw 4 of its levels.

You collected 84 gold pieces.

Inventory:

Hand Weapons
 d - a +1 dagger of electrocution (weapon)
 e - a +0 dagger of distortion
Missiles
 i - 7 poisoned darts
Armour
 a - a +0 robe (worn)
 g - a +0 helmet
Jewellery
 j - an amulet of magic regeneration (around neck)
Scrolls
 b - a scroll of blinking {unknown}
 c - 4 scrolls of identify
 h - 2 scrolls of enchant weapon {unknown}
Potions
 f - a potion of attraction {unknown}
 k - 4 potions of curing


   Skills:
 - Level 2.6 Dodging
 + Level 4.9 Stealth
 - Level 2.4 Spellcasting
 - Level 4.3 Summonings


You had 2 spell levels left.
You knew the following spells:

 Your Spells              Type           Power      Damage    Failure   Level
a - Summon Small Mammal   Summ           64%        N/A       3%          1
b - Call Imp              Summ           16%        N/A       4%          2
c - Call Canine Familiar  Summ           16%        N/A       10%         3

Your spell library contained the following spells:

 Spells                   Type           Power      Damage    Failure   Level
 Summon Guardian Golem    Hex/Summ       9%         N/A       22%         3
 Summon Ice Beast         Ice/Summ       9%         N/A       58%         4
 Summon Lightning Spire   Summ/Air       9%         N/A       58%         4


Dungeon Overview and Level Annotations

Branches:
Dungeon (4/15)
 Temple: D:4-7

Altars:
Trog

Annotations:
D:4 Dowan, Duvessa


Innate Abilities, Weirdness & Mutations

You are resistant to damage.
You can heal yourself by infusing magical energy.
You passively map a small area around you.
You do not regenerate.


Message History

It is a scroll of identify.
k - 4 potions of curing Your hound bites Dowan.
You barely miss Dowan.
Dowan is lightly wounded.
Your hound bites Duvessa but does no damage.
Dowan gestures at you while chanting. The puff of frost hits you!
You barely miss Dowan.
Dowan is lightly wounded.
Your hound closely misses Duvessa.
Dowan hits you with a +0 dagger.
Your hound bites Duvessa.
You hit Dowan. Lightning courses through Dowan!
Dowan is almost dead.
You are no longer glowing.
Your hound bites Duvessa but does no damage.
The giant cockroach bites your hound but does no damage.
You hit Duvessa but do no damage. Lightning courses through Duvessa!
Duvessa is heavily wounded.
Your hound bites Duvessa.
The giant cockroach misses your hound.
Dowan gestures at Duvessa while chanting.
Duvessa seems to speed up.
Your hound bites Duvessa but does no damage.
You barely miss Duvessa.
Duvessa is heavily wounded.
Duvessa hits you with a +0 short sword!
Your hound bites Duvessa.
Duvessa hits you with a +0 short sword!
* * * LOW HITPOINT WARNING * * *
You closely miss Duvessa.
Duvessa is heavily wounded.
Your hound bites Duvessa.
Duvessa barely misses you.
Dowan gestures wildly while chanting.
Dowan blinks!
Your hound bites Duvessa but does no damage.
You closely miss Duvessa.
Duvessa is severely wounded.
Duvessa hits you with a +0 short sword!
* * * LOW HITPOINT WARNING * * *
Your hound bites Duvessa.
Duvessa hits you with a +0 short sword!
You die...

#####.#.#.# #
#.# # #.#.#.#
#.#.#.# , *
#.....# ,
###.### ,*
#.# , #.# , ,
#@# * , *
###e### ,, ,,
#.hB..# * *
#.#.#.#
#######.#e#.#
#.......#.#.#
#.#####.#.#.#
, ####.....#
,*#eeh...###


You could see Duvessa (fast, ally target), Dowan, a giant cockroach and a
friendly hound (summoned).

Vanquished Creatures
  A black bear (D:4)
  A dart slug (D:3)
  A giant cockroach (D:3)
  2 ball pythons (D:3)
  3 bats
  A rat (D:3)
  2 bushes (D:1)
11 creatures vanquished.

Vanquished Creatures (collateral kills)
  A howler monkey (D:2)
  2 adders
  A white imp (D:3)
  A worm (D:2)
  A dart slug (D:1)
  2 orcs (D:3)
  6 endoplasms
  3 giant cockroaches
  7 goblins
  5 hobgoblins
  2 jackals (D:3)
  3 quokkas
  5 ball pythons
  3 bats
  5 frilled lizards
  9 kobolds
  8 rats
64 creatures vanquished.

Vanquished Creatures (others)
  21 plants
  5 withered plants (D:2)
26 creatures vanquished.

Grand Total: 101 creatures vanquished

Notes
Turn   | Place    | Note
-------+----------+-------------------------------------------
     0 | D:1      | Anon1729 the Deep Dwarf Summoner began the quest for the
                  | Orb.
     0 | D:1      | Reached XP level 1. HP: 15/15 MP: 3/3
   446 | D:1      | Reached XP level 2. HP: 22/22 MP: 1/4
   839 | D:1      | Learned a level 2 spell: Call Imp
  2348 | D:2      | Noticed a howler monkey
  2386 | D:2      | Killed a howler monkey
  2387 | D:2      | Reached XP level 3. HP: 28/28 MP: 1/6
  3542 | D:3      | Learned a level 3 spell: Call Canine Familiar
  3625 | D:3      | Found Idess's Magic Scroll Shoppe.
  3763 | D:3      | Found a bloodstained altar of Trog.
  3796 | D:3      | Reached XP level 4. HP: 34/36 MP: 4/7
  4285 | D:3      | Found a faded altar of an unknown god.
  4507 | D:3      | Became a worshipper of Trog the Wrathful
  4507 | D:3      | Reached * piety under Trog
  4547 | D:3      | Fell from the grace of Trog
  4600 | D:4      | Noticed a black bear
  4632 | D:4      | Killed a black bear
  4633 | D:4      | Reached XP level 5. HP: 22/42 MP: 1/8
  4777 | D:4      | Noticed Duvessa
  4779 | D:4      | Noticed Dowan
  4804 | D:4      | HP: 1/42 [Duvessa/+0 short sword (9)]
  4804 | D:4      | Mangled by Duvessa

Illustrated notes

Levels and vault maps discovered:
D:1:      dpeg_arrival_stone_temple_mockup, layout_loops_ring,
          lexackson_kobold_supper
D:2:      layout_loops_ring, serial_undead, serial_undead_c, serial_undead_b,
          serial_undead_b, serial_undead_f
D:3:      kennysheep_six_static_rooms, layout_basic, bloody_trog,
          chequers_ecumenical_altar_lobes, serial_shops, nicolae_shop_crystal
D:4:      layout_loops_cross, uniq_duvessa

Skill      XL: |  1  2  3  4 |
---------------+-------------+-----
Spellcasting   | 2 |  2.4
Stealth        | 3 4 |  4.9
Summonings     | 4 |  4.3
Dodging        | |  2.6

Action                   |  1- 3 |  4- 6 || total
-------------------------+-------+-------++-------
Melee: Dagger            |    62 |    24 ||    86
 Cast: Summon Small Mamm |   114 |    21 ||   135
       Call Imp          |    17 |    13 ||    30
       Call Canine Famil |     1 |     5 ||     6
Invok: Berserk           |       |     1 ||     1
       Renounce Religion |       |     1 ||     1
 Abil: Heal Wounds       |       |     1 ||     1
  Use: Scroll            |       |     1 ||     1
 Stab: Sleeping          |       |     2 ||     2
Armor: Robe              |     6 |     6 ||    12
Dodge: Dodged            |    10 |    11 ||    21

Table legend: (Time is in decaauts)
 A = Elapsed time spent in this place.
 B = Non-inter-level travel time spent in this place.
 C = Inter-level travel time spent in this place.
 D = Time resting spent in this place.
 E = Time spent auto-exploring this place.
 F = Levels seen in this place.
 G = Mean time per level.
                   A        B        C        D        E       F      G
               +--------+--------+--------+--------+--------+-----+--------+
         Total |   4817 |   4442 |    375 |    547 |   2694 |   4 | 1204.2 |
       Dungeon |   4817 |   4442 |    375 |    547 |   2694 |   4 | 1204.2 |
               +--------+--------+--------+--------+--------+-----+--------+

Top non-repeatable levels by time:
     D:1: 2098 daAuts
     D:3: 1381 daAuts
     D:2: 1258 daAuts
     D:4: 80 daAuts
